AoeStats
← 文風

Arena

509357768Analyzed
4v4 RM · 6d ago on Sep 26, 2026· 32m 39s· 8 players
Game mode
Random Map
Map size
Large (8 player)
Population
200
Speed
Normal
Resources
Standard
Victory
Conquest
Starting age
Dark Age
Ending age
Imperial Age
RankedLock teamsTeams togetherTeam positionsShared explorationLock speedFull tech treeHidden civsTurbo modeCheats
Victory
Defeat
🇨🇳 Huns · China
1381
+15
🇲🇴 Khmer · Macao SAR China
1372
+15
🇮🇳 Poles · India
1347
+16
🇨🇳 Turks · China
1292
+18
🇭🇰 Turks · Hong Kong SAR China
1429
-19
🇭🇰 Teutons · Hong Kong SAR China
1393
-18
🇭🇰 Burmese · Hong Kong SAR China
1305
-14
🇦🇷 Vikings · Argentina
1271
-13
Mick...
10:19 Feudal Age
12:08 Loom
14:39 Castle Age
12:44 Double-Bit Axe
12:56 Horse Collar
15:51 Heavy Plow
16:13 Bow Saw
18:58 Gold Mining
19:14 Scale Barding Armor
20:52 Gold Shaft Mining
25:05 Forging
26:17 Chain Barding Armor
28:09 Wheelbarrow
29:06 Iron Casting
31:09 Stone Mining
34:56 Imperial Age
32:43 Hand Cart
jimmy211211
11:44 Feudal Age
14:54 Castle Age
12:42 Horse Collar
13:28 Double-Bit Axe
16:16 Bow Saw
16:09 Heavy Plow
20:26 Wheelbarrow
21:04 Gold Mining
21:05 Stone Mining
23:15 Hand Cart
25:40 Gold Shaft Mining
29:05 Imperial Age
28:29 Forging
28:24 Scale Barding Armor
29:56 Ballistics
29:27 Fletching
29:37 Padded Archer Armor
30:14 Iron Casting
29:56 Bloodlines
29:47 Husbandry
31:26 Elite Battle Elephant
32:09 Loom
32:10 Town Watch
32:57 Crop Rotation
33:06 Stone Shaft Mining
33:42 Blast Furnace
33:03 Chain Barding Armor
33:46 Chemistry
blankedgamerz
10:31 Feudal Age
14:26 Castle Age
12:39 Horse Collar
12:54 Double-Bit Axe
16:11 Heavy Plow
18:28 Bow Saw
20:22 Szlachta Privileges
23:52 Scale Barding Armor
26:44 Forging
27:05 Gold Mining
28:33 Wheelbarrow
28:34 Husbandry
29:30 Chain Barding Armor
30:14 Loom
30:15 Town Watch
34:05 Imperial Age
31:51 Hand Cart
31:39 Stone Mining
32:05 Fletching
33:27 Bloodlines
73624617386501790
10:42 Feudal Age
11:15 Double-Bit Axe
14:25 Castle Age
12:30 Horse Collar
13:45 Loom
15:31 Bow Saw
23:27 Heavy Plow
32:06 Wheelbarrow
302
11:36 Feudal Age
12:41 Horse Collar
15:16 Castle Age
17:07 Wheelbarrow
28:07 Imperial Age
25:43 Loom
26:46 Hand Cart
26:49 Padded Archer Armor
26:39 Fletching
26:56 Gold Mining
28:26 Gold Shaft Mining
28:19 Ballistics
28:23 Town Watch
30:25 Chemistry
30:01 Bodkin Arrow
29:50 Elite Arambai
Bear
11:42 Feudal Age
15:21 Castle Age
13:31 Double-Bit Axe
13:26 Horse Collar
16:42 Bow Saw
16:33 Heavy Plow
27:03 Imperial Age
25:12 Pikeman
25:52 Squires
26:56 Scale Mail Armor
27:07 Forging
27:52 Chain Mail Armor
27:28 Fletching
28:26 Man-at-Arms
28:52 Arson
29:43 Iron Casting
屌炸天
11:13 Feudal Age
14:59 Castle Age
13:32 Double-Bit Axe
18:18 Loom
25:41 Imperial Age
文風
10:48 Feudal Age
11:33 Double-Bit Axe
14:31 Castle Age
12:50 Horse Collar
15:31 Bow Saw
16:01 Heavy Plow
21:48 Scale Barding Armor
21:55 Forging
24:01 Chain Barding Armor
23:42 Scale Mail Armor
27:01 Wheelbarrow
27:51 Iron Casting
28:00 Bloodlines
Connection lost

Rejoining the realm…

Still unreachable

The connection could not be restored.

Session expired

The server has moved on; the page needs a fresh start.